 Dungeon Crawl Stone Soup version 0.15.2 (webtiles) character file.

683 HAWKINGL3623 the Soul Tainter (level 7, -3/52 HPs)
             Began as a Human Death Knight on Feb 10, 2016.
             Was a Priest of Yredelemnul.
             Killed by divine providence
             ... invoked by an orc priest
              (15 damage)
             ... on Level 5 of the Dungeon on Feb 12, 2016.
             The game lasted 00:36:24 (5421 turns).

HAWKINGL3623 the Soul Tainter (Human Death Knight)  Turns: 5421, Time: 00:36:24

HP  -3/52        AC 13     Str 15      XL: 7   Next: 93%
MP  13/13        EV  6     Int 12      God: Yredelemnul [***...]
Gold 208         SH  0     Dex 12      Spells:  0 memorised,  6 levels left

rFire  . . .     SeeInvis .     i - +2 hand axe (elec)
rCold  + . .     Clarity  .     g - +3 chain mail
rNeg   . . .     rCorr    .     (no shield)
rPois  .         rRot     .     (no helmet)
rElec  .         Spirit   .     e - +0 cloak
SustAb .         Warding  .     (no gloves)
rMut   .         Stasis   .     (no boots)
Gourm  .                        (no amulet)
MR     .....                    (no ring)
                                b - ring of protection from cold

@: not resistant to hostile enchantments, extremely unstealthy
A: no striking features
a: Animate Dead, Recall Undead Slaves, Injury Mirror, Renounce Religion


You were on level 5 of the Dungeon.
You worshipped Yredelemnul.
Yredelemnul was most pleased with you.
You were not hungry.

You visited 1 branch of the dungeon, and saw 5 of its levels.

You collected 208 gold pieces.

Inventory:

Hand weapons
 a - a +1 spear
 h - a cursed -3 whip
 i - a +2 hand axe of electrocution (weapon)
Armour
 e - a +0 cloak (worn)
 g - a +3 chain mail (worn)
Magical devices
 d - a wand of flame (10)
 j - a wand of draining (8) {unknown}
Comestibles
 c - 3 bread rations
 k - a slice of pizza
Scrolls
 l - a scroll of amnesia
Jewellery
 b - a ring of protection from cold (left hand)
Potions
 f - 2 potions of curing


   Skills:
 + Level 3.3 Fighting
 + Level 1.4(2.5) Axes
 + Level 3.3(3.4) Polearms
 + Level 3.4 Armour
 + Level 3.8 Dodging
 + Level 0.9 Stealth
 + Level 5.5 Invocations


You had 6 spell levels left.
You didn't know any spells.

Dungeon Overview and Level Annotations

Branches:
Dungeon (5/15)
 Temple: D:4-7

Altars:
Cheibriados
Qazlal
Zin

Shops:
D:4 [


Message History

The water moccasin bites you but does no damage.
The orc priest calls down the wrath of Beogh upon you.
Something smites you!
The water moccasin bites you but does no damage.
Found a trident.
The orc priest's eyes start to glow.
The water moccasin barely misses you.
The orc priest mumbles some strange prayers to Beogh against you.
Something smites you!
* * * LOW HITPOINT WARNING * * *
The water moccasin barely misses you.
Drink which item? (? for menu, Esc to quit)
You feel better. The water moccasin bites you.
* * * LOW HITPOINT WARNING * * *
The orc priest prays to Beogh.
You feel a wave of unholy energy pass over you.
The orc priest mumbles some strange prayers to Beogh against you.
Something smites you!
You die...
Your body rises from the dead as a mindless zombie.

#.##.#..... ...##........##
#........### #..##.........##
..#........# #..#...........###
.........### #..#.............##
.........#####.....#......)....##
#.#...).............###..........
.....###....<.....#..............
..... #.........##.###..........
................@So.###..........
....##.................oo........
....#............#...............
..................#.......####..
..............#.#.....### ##..
.................#..## #...
.....(............# #...
#..........).. #...
.......###.... #..o.


You could see a water moccasin, 2 orc priests and an orc.

Vanquished Creatures
  The ghost of HAWKINGL3623 the Ruffian, an average FoMo (D:3)
  A hound (D:4)
  4 worker ants (D:4)
  3 adders
  4 gnolls (D:4)
  A giant mite (D:1)
  A worm (D:3)
  4 giant geckos
  4 oozes
  5 orcs
  A ball python (D:2)
  8 bats
  6 hobgoblins
  2 jackals (D:4)
  8 kobolds
  A quokka (D:4)
  9 giant cockroaches
  4 giant newts
  7 goblins
  8 rats
82 creatures vanquished.

Vanquished Creatures (collateral kills)
  2 ice beasts (D:4)
  A centaur (D:4)
  A scorpion (D:4)
  A hound (D:4)
  An orc priest (D:3)
  An orc wizard (D:3)
  An adder (D:2)
  2 worms
  An orc (D:3)
  3 bats
  2 hobgoblins
  2 jackals (D:4)
  A giant gecko (D:4)
  A goblin (D:2)
  3 kobolds
23 creatures vanquished.

Vanquished Creatures (others)
  A worker ant zombie (D:4)
  An adder zombie (D:2)
  3 bat zombies
  A giant cockroach zombie (D:3)
  A giant gecko zombie (D:4)
  A gnoll zombie (D:4)
  3 goblin zombies
  2 hobgoblin zombies
  A jackal zombie (D:4)
  2 kobold zombies
  2 orc zombies (D:3)
  A quokka zombie (D:4)
19 creatures vanquished.

Grand Total: 124 creatures vanquished

Notes
Turn   | Place    | Note
--------------------------------------------------------------
     0 | D:1      | HAWKINGL3623, the Human Death Knight, began the quest for the Orb.
     0 | D:1      | Reached XP level 1. HP: 16/16 MP: 2/2
   471 | D:1      | Reached XP level 2. HP: 17/22 MP: 3/3
   596 | D:1      | Reached XP level 3. HP: 25/28 MP: 1/5
  1491 | D:2      | Reached XP level 4. HP: 34/34 MP: 7/7
  1495 | D:2      | Acquired Yredelemnul's second power
  2429 | D:3      | Noticed HAWKINGL3623's ghost (average FoMo)
  2491 | D:3      | Killed HAWKINGL3623's ghost
  2491 | D:3      | Reached skill level 4 in Invocations
  2491 | D:3      | Reached XP level 5. HP: 27/40 MP: 9/9
  2924 | D:4      | Noticed an ogre
  2979 | D:4      | Found Bixutaich's Armour Shop.
  3052 | D:3      | Found a stormy altar of Qazlal.
  3494 | D:3      | Reached XP level 6. HP: 43/46 MP: 10/10
  3825 | D:4      | Found a glowing silver altar of Zin.
  3825 | D:4      | Found a snail-covered altar of Cheibriados.
  4446 | D:4      | Reached XP level 7. HP: 52/52 MP: 12/12
  5233 | D:5      | Entered Level 5 of the Dungeon
  5241 | D:4      | Reached skill level 1 in Axes
  5241 | D:4      | Reached skill level 5 in Invocations
  5395 | D:5      | Acquired Yredelemnul's third power
  5421 | D:5      | Killed from afar by an orc priest

Action                   |  1- 3 |  4- 6 |  7- 9 || total
-------------------------+-------+-------+-------++-------
Melee: Spear             |   120 |   206 |       ||   326
       Hand axe          |       |    38 |    42 ||    80
Invok: Animate Remains   |    11 |    25 |     5 ||    41
       Injury Mirror     |       |     2 |       ||     2
Evoke: Wand              |       |     1 |       ||     1
  Use: Scroll            |     3 |     8 |     1 ||    12
       Potion            |     4 |     2 |     2 ||     8
 Stab: Distracted        |       |     1 |     1 ||     2
  Eat: Chunk             |     1 |     5 |       ||     6
       Pizza             |     1 |       |       ||     1
       Bread ration      |       |     1 |     1 ||     2
       Beef jerky        |       |     1 |       ||     1
